 Dungeon Crawl Stone Soup version 0.23.0-42-geed6394 (webtiles) character file.

Game seed: 0

108069 Fang the Warrior (level 16, -4/163 HPs)
             Began as a Gargoyle Berserker on Feb 28, 2019.
             Was a High Priest of Trog.
             Slain by a blink frog (10 damage)
             ... on level 2 of the Swamp.
             The game lasted 00:29:07 (23793 turns).

Fang the Warrior (Gargoyle Berserker)              Turns: 23793, Time: 00:29:08

Health: -4/163     AC: 36    Str: 31    XL:     16   Next: 48%
Magic:  16/16      EV: 14    Int:  9    God:    Trog [*****.]
Gold:   2803       SH:  0    Dex: 10    Spells: 15/15 levels left

rFire    + . .     SeeInvis +   k - +12 battleaxe "Wepyumn" {elec, Fragile rElec rF+}
rCold    + + .     Gourm    .   (shield currently unavailable)
rNeg     + . .     Faith    .   q - +1 plate armour
rPois    ∞         Spirit   .   u - +2 helmet of the Grue {rC++ MR+}
rElec    +         Reflect  .   B - +1 cloak
rCorr    .         Harm     .   (no gloves)
MR       ++...                  (no boots)
Stlth    ..........             (no amulet)
HPRegen  0.37/turn              y - +1 ring of evasion
MPRegen  0.15/turn              C - ring of see invisible

@: berserking, flying, starving, very quick
A: big wings, negative energy resistance 1, electricity resistance, unbreathing,
petrification resistance, rot immunity, AC +12
a: Stop Flying, Berserk, Trog's Hand, Brothers in Arms, Renounce Religion


You were on level 2 of the Swamp.
You worshipped Trog.
Trog was extremely pleased with you.
You were starving.

You visited 4 branches of the dungeon, and saw 25 of its levels.

You collected 2803 gold pieces.

Inventory:

Hand Weapons
 k - the +12 battleaxe "Wepyumn" (weapon) {elec, Fragile rElec rF+}
   (Trog gifted it to you on level 12 of the Dungeon)

   Occasionally, upon striking a foe, it will discharge some electrical energy
   and cause terrible harm.
   It protects you from fire.
   It insulates you from electricity.
   It will be destroyed if unequipped.
 r - a +9 battleaxe
 E - a +1 battleaxe of freezing
 I - a +5 executioner's axe of flaming
 J - a +3 battleaxe of chopping
 L - a +2 hand axe of electrocution
Armour
 q - a +1 plate armour (worn)
 u - the +2 helmet of the Grue (worn) {rC++ MR+}
   (You found it on level 10 of the Dungeon)

   It greatly protects you from cold.
   It affects your resistance to hostile enchantments.
 B - a +1 cloak (worn)
Jewellery
 e - a +3 ring of protection {unknown}
 p - an uncursed ring of protection from fire
 y - a +1 ring of evasion (left hand)
 C - a ring of see invisible (right hand)
 F - an uncursed ring of positive energy
 H - an uncursed ring of stealth
Wands
 f - a wand of enslavement (10)
 m - a wand of paralysis (7)
 n - a wand of acid (8)
 v - a wand of digging (14)
 w - a wand of disintegration (28)
 x - a wand of polymorph (17)
 A - a wand of random effects (46)
 D - a wand of flame (43)
 K - a wand of iceblast (9)
Scrolls
 a - 9 scrolls of remove curse
 d - 5 scrolls of teleportation
 g - 3 scrolls of magic mapping
 j - 3 scrolls of blinking
 l - 3 scrolls of fog
Potions
 b - 2 potions of agility
 h - 2 potions of lignification
 i - 9 potions of curing
 o - 4 potions of might
 s - a potion of heal wounds
 t - 2 potions of haste
 z - 6 potions of brilliance
 G - a potion of ambrosia
 M - a potion of mutation
 O - a potion of cancellation {unknown}
 P - a potion of berserk rage
Comestibles
 c - 46 rations


   Skills:
 + Level 15.7 Fighting
 + Level 13.5 Axes
 + Level 15.5 Armour
 + Level 12.4 Dodging


You had 15 spell levels left.
You didn't know any spells.
Your spell library was empty.

Dungeon Overview and Level Annotations

Branches:
Dungeon (15/15)            Temple (0/1) D:5            Lair (6/6) D:10
  Swamp (2/4) Lair:4        Snake (0/4) Lair:4        Slime (0/5) Lair:6
    Orc (2/2) D:12            Elf (0/3) Orc:2        Vaults (0/5) D:14
 Depths (0/5) D:15

Altars:
Dithmenos
Fedhas
Gozag
Makhleb
Nemelex Xobeh
Ru
Uskayaw
Xom
Zin
The Shining One
Jiyva

Shops:
D:9 }   D:10 (   D:11 [   D:15 ::*!   Orc:2 ?(}%=

Annotations:
D:10 1 transporter
D:11 1 runed translucent door, chaotix's ghost, journeyman DsBe
D:13 exclusions: oklob plant and orange crystal statue
Lair:2 exclusion: oklob plant


Innate Abilities, Weirdness & Mutations

You are resistant to torment.
Your stone body is resilient. (AC +12)
You are immune to poison.
Your large and strong wings let you fly indefinitely.
You resist negative energy. (rN+)
You are resistant to electric shocks. (rElec)
You can survive without breathing.
You are immune to petrification.
You are immune to rotting.


Message History

Your deep troll bites the ten-headed hydra!!
Your deep troll claws the ten-headed hydra!
Your deep troll rips one of the ten-headed hydra's heads off!
The nine-headed hydra grows two more!
Your deep troll claws the 11-headed hydra!!
The 11-headed hydra dies!
Trog accepts your kill. The blink frog closely misses you.
The blink frog hits you!
* * * LOW HITPOINT WARNING * * *
Your deep troll bites the swamp worm!!
The swamp worm dies!
Trog accepts your kill.
The blink frog hits you but does no damage.
You closely miss the blink frog.
The blink frog is almost dead.
You barely miss the blink frog.
The briar patch crumbles away.
The blink frog hits you!
* * * LOW HITPOINT WARNING * * *
The blink frog blinks! x2; The blink frog hits you!
You die...

≈..........#
....♣♣.♣♣
≈.....##...###....≈.♣
≈≈..............≈≈≈.♣
≈.≈...#..#......≈≈P♣
≈≈..#....##P..#..PP♣
... ###...PP....≈P.♣
. ≈......##P#....P♣♣
≈≈......##.%†F≈P♣
≈≈.≈......††).@≈P♣
♣♣.≈≈.≈♣♣..≈TF..P♣
♣♣≈♣.. ♣♣:.≈≈≈≈P♣
♣≈♣....P.J≈≈≈≈P♣ ♣
♣..≈.≈P≈≈≈§.P♣
≈§≈≈.≈.≈...♣♣
≈≈≈≈...≈♣..♣
♣.<≈≈.§≈.≈.♣


You could see a slime creature, 2 blink frogs and a friendly deep troll
(berserk).

Vanquished Creatures
  Jorgrun (D:12)
  Donald (Swamp:1)
  A stone giant (Orc:1)
  Nessos (D:14)
  Azrael (D:14)
  Josephine (Swamp:1)
  A fire dragon (D:15)
  3 vault guards (D:14)
  Harold (D:8)
  A rakshasa (D:14)
  7 hydras
  An ice dragon (D:15)
  A shambling mangrove (Swamp:1)
  A ghost crab (Swamp:1)
  A centaur warrior (D:15)
  8 two-headed ogres
  An ogre mage (D:13)
  4 death yaks (Lair:6)
  6 alligators
  An orc high priest (Orc:2)
  Sonja (D:12)
  Urug (Lair:1)
  Nergalle (D:10)
  2 spriggans
  A fire crab (Lair:6)
  3 unseen horrors
  A sea snake (Lair:6)
  An orc knight (Orc:2)
  A harpy (Lair:6)
  Pikel (D:7)
  10 ugly things
  A wolf spider zombie (D:15)
  2 cyclopes
  The ghost of LordSloth the Conjurer, a novice DrCj of Cheibriados (D:6)
  A deep elf mage (D:13)
  3 manticores
  8 elephants
  A black mamba (Lair:4)
  2 torpor snails (Lair:6)
  Psyche (D:8)
  A black mamba (shapeshifter) (D:14)
  A rust devil (D:11)
  12 spiny frogs
  2 gargoyles
  An orange demon (D:11)
  10 komodo dragons
  2 rime drakes (Lair:6)
  A yaktaur (D:14)
  3 trolls
  4 polar bears
  A wolf spider simulacrum (D:14)
  6 hornets
  5 bog bodies
  Prince Ribbit (Lair:1)
  8 slime creatures
  12 blink frogs
  4 dream sheep (Lair:5)
  6 hippogriffs
  6 wraiths
  3 shadows
  62 yaks
  7 wyverns
  4 fire elementals (D:14)
  4 basilisks
  A hungry ghost (D:14)
  3 steam dragons
  20 vampire mosquitoes
  15 insubstantial wisps (Swamp:1)
  2 wargs
  A soldier ant (D:10)
  11 swamp worms
  4 hell hounds (D:14)
  21 orc warriors
  8 porcupines
  21 water moccasins
  4 black bears
  A swamp drake (Swamp:1)
  4 slaves (D:7)
  5 phantoms
  5 sky beasts
  6 ice beasts
  2 eyes of draining
  14 ogres
  16 wolves
  3 boggarts (D:14)
  6 centaurs
  12 crocodiles
  16 bullfrogs
  2 wyvern zombies
  A wyvern skeleton (D:14)
  2 scorpions (D:10)
  13 wights
  4 killer bees (D:9)
  5 howler monkeys
  An electric eel (Lair:1)
  7 crimson imps
  3 centaur zombies
  2 jellies
  2 quasits
  A bullfrog skeleton (D:7)
  5 hounds
  23 orc priests
  7 iron imps (D:11)
  2 iguanas
  35 orc wizards
  7 hell rats (Lair:4)
  9 worker ants
  Robin (D:4)
  A worker ant zombie (D:7)
  5 adders
  4 gnolls (D:4)
  2 shadow imps
  An adder zombie (D:5)
  2 adder skeletons
  2 worms
  2 dart slugs
  8 leopard geckos
  68 orcs
  4 ball pythons
  7 giant cockroaches
  18 goblins
  13 hobgoblins
  9 jackals
  8 quokkas
  6 bats
  4 frilled lizards
  6 kobolds
  A quokka skeleton (D:7)
  9 rats
  A briar patch (Swamp:2)
  8 fungi
  4 plants
  3 toadstools (D:11)
781 creatures vanquished.

Vanquished Creatures (collateral kills)
  A thorn hunter (Swamp:2)
  4 hydras
  A vault guard (D:14)
  A merfolk avatar (Lair:6)
  A death knight (D:14)
  3 orc high priests (Orc:2)
  An orc sorcerer (Orc:2)
  A spiny frog (Lair:6)
  A komodo dragon (Lair:6)
  A rime drake (Lair:6)
  A hornet (Swamp:2)
  A spriggan (Swamp:2)
  2 swamp worms (Swamp:2)
  A porcupine (Lair:1)
  An orc warrior (Orc:2)
  6 orc priests (Orc:2)
  2 orc wizards (Orc:2)
  2 orcs (Orc:2)
31 creatures vanquished.

Vanquished Creatures (others)
  2 ugly things (D:14)
  A slime creature (Swamp:1)
  24 fungi
  30 plants
  2 toadstools (D:11)
59 creatures vanquished.

Grand Total: 871 creatures vanquished

Notes
Turn   | Place    | Note
-------+----------+-------------------------------------------
     0 | D:1      | Fang the Gargoyle Berserker began the quest for the Orb.
     0 | D:1      | Reached XP level 1. HP: 14/14 MP: 1/1
    49 | D:1      | Reached XP level 2. HP: 16/19 MP: 2/2
   333 | D:1      | Reached XP level 3. HP: 23/23 MP: 3/3
   481 | D:1      | Reached ** piety under Trog
   872 | D:2      | Found a glowing golden altar of the Shining One.
   886 | D:2      | Noticed a phantom
   965 | D:2      | Killed a phantom
   965 | D:2      | Reached XP level 4. HP: 7/29 MP: 4/4
   965 | D:2      | Reached XP level 5. HP: 8/33 MP: 5/5
  2233 | D:4      | Found a blossoming altar of Fedhas.
  2242 | D:4      | Found an opulent altar of Gozag.
  2242 | D:4      | Found a sacrificial altar of Ru.
  2246 | D:4      | Reached *** piety under Trog
  2418 | D:4      | Noticed Robin
  2425 | D:4      | Reached XP level 6. HP: 32/39 MP: 6/6
  2431 | D:4      | Killed Robin
  2505 | D:4      | Received a gift from Trog
  2912 | D:4      | Reached skill level 5 in Fighting
  2922 | D:4      | Reached XP level 7. HP: 13/44 MP: 7/7
  3285 | D:5      | Entered Level 5 of the Dungeon
  3286 | D:5      | Upgraded the game from 0.23.0-38-g208d714 to
                  | 0.23.0-42-geed6394
  3355 | D:5      | Found a glowing silver altar of Zin.
  3365 | D:5      | Found a staircase to the Ecumenical Temple.
  3426 | D:5      | You fall through a shaft!
  3487 | D:6      | Reached skill level 5 in Armour
  3555 | D:6      | Reached XP level 8. HP: 35/51 MP: 8/8
  3938 | D:6      | Reached skill level 5 in Axes
  4102 | D:6      | Found a runed translucent door.
  4102 | D:6      | Noticed LordSloth's ghost (novice DrCj)
  4617 | D:6      | Killed LordSloth's ghost
  4617 | D:6      | Reached XP level 9. HP: 57/57 MP: 9/9
  4655 | D:7      | Reached **** piety under Trog
  4666 | D:7      | Noticed Pikel
  4688 | D:6      | Reached skill level 5 in Dodging
  4703 | D:7      | Killed Pikel
  5256 | D:8      | Noticed Psyche
  5267 | D:8      | Killed Psyche
  5267 | D:8      | Reached XP level 10. HP: 47/64 MP: 10/10
  5305 | D:8      | Reached ***** piety under Trog
  5556 | D:8      | Noticed Harold
  5570 | D:8      | Killed Harold
  5652 | D:8      | Found a hide-covered altar of Uskayaw.
  5923 | D:9      | Noticed a two-headed ogre
  5937 | D:9      | Killed a two-headed ogre
  6198 | D:9      | Identified a scroll of acquirement
  6239 | D:9      | Found Pagru's Gadget Boutique.
  6748 | D:9      | Reached XP level 11. HP: 60/71 MP: 11/11
  6865 | D:10     | Entered Level 10 of the Dungeon
  6865 | D:10     | Found an opulent altar of Gozag.
  6868 | D:10     | Noticed Nergalle
  6871 | D:10     | Found a staircase to the Lair.
  6877 | D:10     | Noticed a two-headed ogre
  6889 | D:10     | Noticed a spectral orc warlord
  7069 | D:10     | Killed a two-headed ogre
  7075 | D:10     | Killed Nergalle
  7075 | D:10     | Reached skill level 10 in Fighting
  7185 | D:10     | Got a twisted helmet
  7340 | D:10     | Identified the +2 helmet of the Grue {rC++ MR+} (You found
                  | it on level 10 of the Dungeon)
  7342 | D:10     | Found Haipyapa's Weapon Emporium.
  7394 | D:10     | Reached skill level 10 in Armour
  7654 | D:10     | Received a gift from Trog
  7662 | D:10     | Got a pitted dire flail {god gift}
  7774 | D:10     | Found a sparkling altar of Nemelex Xobeh.
  7774 | D:10     | Found a transporter.
  7774 | D:10     | Noticed a yaktaur captain
  7775 | D:10     | Noticed a wolf spider
  7931 | D:11     | Noticed a two-headed ogre
  7937 | D:11     | Killed a two-headed ogre
  8154 | D:11     | Noticed a white ugly thing
  8162 | D:11     | Killed a white ugly thing
  8316 | D:11     | Noticed a manticore
  8326 | D:11     | Killed a manticore
  8551 | D:11     | Noticed a brown ugly thing
  8560 | D:11     | Killed a brown ugly thing
  8560 | D:11     | Reached XP level 12. HP: 66/79 MP: 12/12
  8660 | D:11     | Found a burning altar of Makhleb.
  8760 | D:11     | Found Fafez's Antique Armour Shop.
  8825 | D:11     | Found a runed translucent door.
  8826 | D:11     | Found a shimmering altar of Xom.
  8826 | D:11     | Noticed chaotix's ghost (journeyman DsBe)
  8826 | D:11     | Noticed a +2 rapier of chaos
  8900 | Lair:1   | Entered Level 1 of the Lair of Beasts
  8979 | Lair:1   | Noticed Urug
  8991 | Lair:1   | Killed Urug
  9158 | Lair:1   | Noticed a seven-headed hydra
  9164 | Lair:1   | Killed a six-headed hydra
  9221 | Lair:1   | Noticed Prince Ribbit
  9457 | Lair:1   | Killed Prince Ribbit
 10561 | Lair:3   | Reached skill level 10 in Axes
 10803 | Lair:3   | Reached ****** piety under Trog
 11269 | Lair:4   | Reached XP level 13. HP: 59/86 MP: 13/13
 11840 | Lair:4   | Found a staircase to the Snake Pit.
 11889 | Lair:4   | Found a staircase to the Swamp.
 12909 | Lair:6   | Entered Level 6 of the Lair of Beasts
 13249 | Lair:6   | Found a viscous altar of Jiyva.
 13261 | Lair:6   | Found a staircase to the Slime Pits.
 13271 | Lair:6   | Reached skill level 10 in Dodging
 13895 | Lair:6   | Received a gift from Trog
 13988 | Lair:6   | Gained mutation: Your large and strong wings let you fly
                  | indefinitely. [Gargoyle growth]
 13988 | Lair:6   | Reached XP level 14. HP: 80/94 MP: 14/14
 14635 | Lair:6   | Found a shadowy altar of Dithmenos.
 15531 | D:12     | Found a staircase to the Orcish Mines.
 15540 | D:12     | Noticed Sonja
 15806 | D:12     | Found a frozen archway.
 15932 | D:12     | Received a gift from Trog
 15935 | D:12     | Got a faintly glowing battleaxe {god gift}
 15936 | D:12     | Identified the +12 battleaxe "Wepyumn" {elec, Fragile rElec
                  | rF+} (Trog gifted it to you on level 12 of the Dungeon)
 15940 | D:12     | Found a sacrificial altar of Ru.
 15978 | D:12     | Noticed Jorgrun
 15994 | D:12     | Killed Jorgrun
 16487 | D:12     | Killed Sonja
 16863 | D:13     | Found a hide-covered altar of Uskayaw.
 16984 | D:13     | Reached XP level 15. HP: 68/100 MP: 15/15
 17069 | D:13     | Found a blossoming altar of Fedhas.
 17523 | D:14     | Noticed Nessos
 17874 | D:14     | Killed Nessos
 18058 | D:14     | Found a gate to the Vaults.
 18902 | D:14     | Noticed Azrael
 18909 | D:14     | Received a gift from Trog
 18916 | D:14     | Killed Azrael
 19231 | D:15     | Entered Level 15 of the Dungeon
 19315 | D:15     | Found Zedousuh's Assorted Antiques.
 19315 | D:15     | Found Upuirigi's Book Shoppe.
 19315 | D:15     | Found Houfish's Distillery.
 19527 | D:15     | Found Fodwiugo's Book Shoppe.
 19984 | D:15     | Found a staircase to the Depths.
 20214 | Orc:1    | Entered Level 1 of the Orcish Mines
 21024 | Orc:2    | Entered Level 2 of the Orcish Mines
 21073 | Orc:2    | Received a gift from Trog
 21154 | Orc:2    | Found Waneufow's Magic Scroll Shoppe.
 21349 | Orc:2    | Reached skill level 15 in Fighting
 21545 | Orc:2    | Found Pimec's Weapon Shoppe.
 21545 | Orc:2    | Found Ograkhei's Food Emporium.
 21546 | Orc:2    | Found Lohe's Jewellery Emporium.
 21564 | Orc:2    | Found Ruin's Gadget Shoppe.
 22062 | Orc:2    | Found a staircase to the Elven Halls.
 22415 | Swamp:1  | Entered Level 1 of the Swamp
 22550 | Swamp:1  | Received a gift from Trog
 22550 | Swamp:1  | Reached skill level 15 in Armour
 22866 | Swamp:1  | Reached XP level 16. HP: 81/108 MP: 16/16
 22983 | Swamp:1  | Noticed Donald
 22991 | Swamp:1  | Killed Donald
 23333 | Swamp:1  | Noticed Josephine
 23342 | Swamp:1  | Killed Josephine
 23775 | Swamp:2  | Noticed a thorn hunter
 23790 | Swamp:2  | Killed a thorn hunter
 23793 | Swamp:2  | HP: 6/163 [blink frog (8)]
 23793 | Swamp:2  | Slain by a blink frog

Skill      XL: |  1  2  3  4  5  6  7  8  9 10 11 12 13 14 15 |
---------------+----------------------------------------------+-----
Axes           | 3 4 5 6 8 9 10 11 12 13 | 13.5
Dodging        | 2 3 4 5 7 8 9 10 11 12 | 12.4
Fighting       | 4 5 7 8 9 10 12 13 14 15 | 15.7
Armour         | 3 4 5 6 7 9 10 11 13 14 15 | 15.5

Action                   |  1- 3 |  4- 6 |  7- 9 | 10-12 | 13-15 | 16-18 || total
-------------------------+-------+-------+-------+-------+-------+-------++-------
Melee: Hand axe          |   159 |   123 |       |       |       |       ||   282
       War axe           |       |    90 |   112 |       |       |       ||   202
       Battleaxe         |       |       |   129 |   504 |   732 |   143 ||  1508
       Executioner's axe |       |       |       |       |   224 |       ||   224
Invok: Berserk           |       |     1 |     3 |     7 |     5 |     1 ||    17
       Brothers in Arms  |       |       |       |     1 |     8 |     1 ||    10
 Abil: Fly               |       |       |       |       |     1 |       ||     1
  Use: Scroll            |       |       |       |    22 |    16 |     1 ||    39
       Potion            |       |       |       |       |     6 |     1 ||     7
  Eat: Chunk             |       |     7 |    11 |    26 |    42 |     3 ||    89
       Ration            |       |       |       |       |     2 |       ||     2
Armor: Animal skin       |    19 |       |       |       |       |       ||    19
       Chain mail        |    70 |   178 |    57 |       |       |       ||   305
       Plate armour      |       |       |   175 |   478 |  1141 |   202 ||  1996
Dodge: Dodged            |    86 |   102 |   135 |   365 |   933 |   159 ||  1780
